 Dungeon Crawl Stone Soup version 0.29.1-15-g9cfb28693d (webtiles) character file.

Game seed: 262015100687650313

8742 croobank the Covert (level 11, -6/67 HPs)
             Began as a Kobold Brigand on May 1, 2023.
             Was a Priest of Wu Jian.
             Killed by an exploding orc warrior (27 damage)
             ... ignited by their inner flame
             ... on level 10 of the Dungeon.
             The game lasted 00:30:21 (9289 turns).

croobank the Covert (Kobold Brigand)                Turns: 9289, Time: 00:30:21

Health: -6/67      AC: 15    Str:  8    XL:     11   Next: 61%
Magic:  11/11      EV: 19    Int: 15    God:    Wu Jian [***...]
Gold:   523        SH:  0    Dex: 19    Spells: 10/10 levels left

rFire   . . .      SeeInvis .   g - +3 dagger (distort)
rCold   + . .      Faith    .   (no shield)
rNeg    + . .      Spirit   .   G - +2 robe {Will+}
rPois   .          Reflect  .   f - +2 helmet
rElec   .          Harm     .   c - +2 cloak
rCorr   .          Rampage  .   b - +1 pair of gloves
Will    +....                   B - +1 pair of boots
Stlth   +++++++...              (no amulet)
HPRegen 0.21/turn               m - ring of protection from cold
MPRegen 0.12/turn               A - ring of positive energy

@: invisible
A: small, no large weapons, nightstalker 3
a: Renounce Religion, Wall Jump, Serpent's Lash


You were on level 10 of the Dungeon.
You worshipped Wu Jian.
Wu Jian was most pleased with you.
You visited 2 branches of the dungeon, and saw 12 of its levels.

You collected 523 gold pieces.

Inventory:

Hand Weapons
 a - a +2 dagger
 g - a +3 dagger of distortion (weapon)
 u - a +0 sling
 v - a +2 dagger of freezing
 w - a +0 falchion
 x - a +1 spear of flaming
 E - a +1 dagger of flaming
 H - a +2 dagger of venom
 P - a +2 whip of electrocution
 R - a +3 flail of holy wrath
 T - a +0 scimitar of protection
Missiles
 d - 8 poisoned darts
 e - 3 curare-tipped darts
 I - 2 silver boomerangs
 V - 5 boomerangs (quivered)
Armour
 b - a +1 pair of gloves (worn)
 c - a +2 cloak (worn)
 f - a +2 helmet (worn)
 B - a +1 pair of boots (worn)
 G - a +2 robe of willpower (worn)
 N - +0 steam dragon scales
Magical Staves
 F - a staff of air
Jewellery
 m - a ring of protection from cold (left hand)
 p - a ring of fire
 A - a ring of positive energy (right hand)
Wands
 i - a wand of flame (18)
 s - a wand of paralysis (10)
 y - a wand of digging (8)
 K - a wand of iceblast (7)
Scrolls
 h - 3 scrolls of vulnerability
 r - 2 scrolls of amnesia
 t - 7 scrolls of blinking
 C - a scroll of immolation
 J - 2 scrolls of poison
 L - 7 scrolls of identify
 Q - a scroll of enchant weapon
 S - a scroll of magic mapping
Potions
 j - 2 potions of might
 k - 2 potions of heal wounds
 l - 2 potions of attraction
 n - a potion of invisibility
 o - 5 potions of curing
 q - 2 potions of brilliance
 z - a potion of lignification
 D - 2 potions of magic
 M - a potion of berserk rage
 U - a potion of flight


   Skills:
 + Level 7.3 Fighting
 + Level 8.8 Short Blades
 + Level 7.1 Throwing
 + Level 4.6 Armour
 + Level 7.3 Dodging
 * Level 13.6 Stealth
 + Level 6.7 Evocations


You had 10 spell levels left.
You didn't know any spells.
Your spell library contained the following spells:

 Spells                   Type           Power      Damage    Failure   Level
 Blink                    Tloc           0%         N/A       38%         2
 Ensorcelled Hibernation  Hex/Ice        0%         N/A       38%         2
 Poisonous Vapours        Pois/Air       0%         N/A       38%         2
 Static Discharge         Conj/Air       0%         3-3/arc   38%         2
 Lesser Beckoning         Tloc           0%         N/A       63%         3
 Spider Form              Tmut/Pois      0%         N/A       63%         3
 Anguish                  Hex/Necr       0%         N/A       95%         4
 Corpse Rot               Necr/Pois/Air  0%         N/A       95%         4
 Dispel Undead            Necr           0%         3d6       95%         4
 Sticky Flame             Conj/Fire      0%         2d3       95%         4
 Manifold Assault         Tloc           0%         N/A       100%        5


Dungeon Overview and Level Annotations

Branches:
Dungeon (11/15)            Temple (1/1) D:4            Lair (0/5) D:9
    Orc (0/2) D:9

Altars:
Ashenzari
Dithmenos
Elyvilon
Fedhas
Gozag
Hepliaklqana
Kikubaaqudgha
Makhleb
Nemelex Xobeh
Okawaru
Qazlal
Ru
Sif Muna
Trog
Uskayaw
Vehumet
Wu Jian
Xom
Zin
The Shining One

Shops:
D:3 *


Innate Abilities, Weirdness & Mutations

You are small and have problems with some larger weapons.
You are completely attuned to the shadows.


Message History

You hit the wraith but do no damage.
The wraith is devoured by a tear in reality.
You feel yourself speed up.
You hear a shout!
A kobold brigand comes into view.
It is wielding a +0 dagger and quivering poisoned darts.
The wraith hits you but does no damage.
A kobold comes into view.
It is wielding a +0 whip and quivering poisoned darts.
The wraith closely misses you. The orc wizard barely misses you.
Okay, then.
Okay, then.
Really read the scroll of immolation?
As you read the scroll of immolation, it crumbles to dust.
The creatures around you are filled with an inner flame!
The kobold misses you.
The orc wizard hits you but does no damage.
The wraith hits you but does no damage.
Okay, then.
Okay, then.
Okay, then.
A kobold comes into view. It is wielding a +0 short sword.
You spin and attack the orc wizard repeatedly.
You catch the helpless orc wizard completely off-guard!
You impale the orc wizard!! The Council accepts your kill.
The orc wizard explodes!
The fiery explosion engulfs the kobold brigand!
Flame seeps out of the kobold brigand.
The kobold brigand is heavily wounded.
The fiery explosion engulfs the kobold!!
The Council accepts your kill. The fiery explosion engulfs you!!
The fiery explosion engulfs the orc warrior!!
The Council accepts your kill.
The orc warrior explodes!
The fiery explosion engulfs the kobold brigand!!
The Council accepts your kill.
The fiery explosion engulfs the kobold!!!
The Council accepts your kill. The fiery explosion engulfs you!!
You die...

####### .......#
...........# #
##.....?.....# ####
#............# '..#
#........)W§§#
##.###.........§§.##.
##...#.#....#.§§@....#
.......#.##...§§§..###
#####.........§§##.#
..........K...# .#
###........K..# #
#........ #.>.....


You could see a wraith (inner flame) and 2 kobolds.

Vanquished Creatures
  Josephine (D:10)
  A two-headed ogre (D:7)
  A deep elf pyromancer (D:11)
  An ugly thing (D:11)
  A troll (D:9)
  A shadow (D:11)
  3 wraiths
  8 yaks
  Menkaure (D:5)
  2 steam dragons
  7 orc warriors
  2 sky beasts (D:7)
  A centaur (D:7)
  A phantom (D:6)
  Blork the orc (D:5)
  A kobold brigand (D:10)
  2 necrophages
  2 bullfrogs
  A gnoll sergeant (D:9)
  3 wights (D:8)
  3 scorpions
  13 killer bees
  2 electric eels (D:9)
  7 howler monkeys
  2 jellies (D:5)
  4 orc priests
  A hound (D:6)
  A gnoll bouda (D:8)
  Terence (D:2)
  14 orc wizards
  Ijyb (D:3)
  10 gnolls
  4 adders
  2 white imps (D:7)
  An ufetubus (D:5)
  2 worms (D:5)
  A dart slug (D:2)
  33 orcs
  9 ball pythons
  4 bats
  4 endoplasms
  3 giant cockroaches
  10 goblins
  4 hobgoblins
  4 jackals (D:2)
  9 kobolds
  2 quokkas
  5 frilled lizards
  A rat (D:1)
  A spectral kobold (D:5)
199 creatures vanquished.

Vanquished Creatures (others)
  An orc (D:9)
  2 plants (D:1)
3 creatures vanquished.

Grand Total: 202 creatures vanquished

Notes
Turn   | Place    | Note
-------+----------+-------------------------------------------
     0 | D:1      | croobank the Kobold Brigand began the quest for the Orb.
     0 | D:1      | Reached XP level 1. HP: 12/12 MP: 1/1
   104 | D:1      | Reached XP level 2. HP: 17/17 MP: 2/2
   285 | D:1      | Reached XP level 3. HP: 13/22 MP: 3/3
   668 | D:1      | Found a faded altar of an unknown god.
  1174 | D:2      | Noticed Terence
  1177 | D:2      | Killed Terence
  1178 | D:2      | Reached skill level 6 in Stealth
  1178 | D:2      | Reached XP level 4. HP: 27/27 MP: 4/4
  1896 | D:3      | Reached XP level 5. HP: 32/32 MP: 5/5
  2017 | D:3      | Found Zubauczi's General Store.
  2467 | D:3      | Noticed Ijyb
  2479 | D:3      | Killed Ijyb
  2480 | D:3      | Reached XP level 6. HP: 37/37 MP: 6/6
  2720 | D:4      | Found a staircase to the Ecumenical Temple.
  2805 | Temple   | Entered the Ecumenical Temple
  2821 | Temple   | Became a worshipper of the Wu Jian Council
  3002 | D:4      | Reached skill level 7 in Stealth
  3033 | D:4      | Reached skill level 1 in Armour
  3451 | D:5      | Entered Level 5 of the Dungeon
  3458 | D:5      | Reached skill level 1 in Evocations
  3458 | D:5      | Reached XP level 7. HP: 41/41 MP: 7/7
  3743 | D:5      | Noticed Menkaure
  3745 | D:5      | Killed Menkaure
  3746 | D:5      | Reached skill level 8 in Stealth
  3763 | D:5      | Noticed a wraith
  3786 | D:5      | Found an opulent altar of Gozag.
  3806 | D:5      | Killed a wraith
  3807 | D:5      | Reached skill level 5 in Short Blades
  3807 | D:5      | Reached XP level 8. HP: 33/48 MP: 8/8
  3942 | D:5      | Found an ancient bone altar of Kikubaaqudgha.
  4022 | D:5      | Found a glowing golden altar of the Shining One.
  4203 | D:5      | Noticed Blork the orc
  4210 | D:5      | Killed Blork the orc
  4394 | D:5      | Found a white marble altar of Elyvilon.
  4541 | D:5      | Found a hazy altar of Hepliaklqana.
  4671 | D:6      | Reached skill level 9 in Stealth
  5307 | D:6      | Reached XP level 9. HP: 48/52 MP: 9/9
  5608 | D:7      | Reached skill level 5 in Fighting
  5608 | D:7      | Reached skill level 10 in Stealth
  5654 | D:7      | Reached * piety under Wu Jian
  5664 | D:7      | Reached skill level 5 in Throwing
  5914 | D:7      | Reached skill level 5 in Dodging
  6068 | D:7      | Noticed a two-headed ogre
  6071 | D:7      | Killed a two-headed ogre
  6072 | D:7      | Reached XP level 10. HP: 59/59 MP: 10/10
  6104 | D:8      | Reached skill level 11 in Stealth
  6269 | D:8      | Reached skill level 5 in Evocations
  6917 | D:8      | Found a burning altar of Makhleb.
  7157 | D:9      | Reached ** piety under Wu Jian
  7262 | D:9      | Found a staircase to the Lair.
  7682 | D:9      | Reached skill level 12 in Stealth
  7888 | D:9      | Found a staircase to the Orcish Mines.
  8078 | D:9      | You fall into a shaft and drop 2 floors!
  8191 | D:11     | Noticed a purple ugly thing
  8202 | D:11     | Killed a purple ugly thing
  8242 | D:11     | Noticed a deep elf pyromancer
  8246 | D:11     | Killed a deep elf pyromancer
  8247 | D:11     | Reached XP level 11. HP: 14/66 MP: 11/11
  8930 | D:11     | Reached skill level 13 in Stealth
  9188 | D:10     | Entered Level 10 of the Dungeon
  9229 | D:10     | Reached *** piety under Wu Jian
  9271 | D:10     | Noticed Josephine
  9284 | D:10     | Killed Josephine
  9289 | D:10     | Killed by an exploding orc warrior... ignited by their
                  | inner flame

Illustrated notes

Levels and vault maps discovered:
D:1:      minmay_arrival_wavy_path, layout_rooms, serial_forest,
          infiniplex_forest_clump_small, infiniplex_forest_lined_2,
          infiniplex_forest_end_1, infiniplex_forest_fountain,
          infiniplex_forest_clump_tiny, infiniplex_forest_clump_long,
          infiniplex_forest_end_1, shapermc_ecumenical_altar_venn,
          chequers_serial_rivers_micro_c
D:2:      layout_loops_ring, uniq_terence
D:3:      layout_basic, serial_shops, nicolae_shop_crystal, eino_curves_04,
          uniq_ijyb
D:4:      layout_basic, minmay_temple_entry_overgrown
D:5:      layout_basic, nicolae_tso_carved_into_rock,
          nicolae_hepliaklqana_monster_ancestors,
          mainiacjoe_overflow_concentric_impassable, kennysheep_little_box,
          mainiacjoe_overflow_alcove_2, uniq_menkaure, uniq_blork_the_orc
D:6:      layout_rooms
D:7:      layout_rooms
D:8:      layout_loops_ring, nicolae_overflow_crystal_walls, serial_glass,
          glass_columns_a, glass_columns_b, glass_columns_a, glass_columns_b,
          glass_columns_a, glass_columns_a, glass_columns_a, glass_columns_b,
          glass_columns_a, glass_columns_b, glass_columns_c, glass_columns_b,
          glass_columns_c, glass_columns_a
D:9:      layout_rooms, lair_entry_dummy, erik_orc_2
D:10:     layout_basic, grunt_temple_overflow_open, gammafunk_ghost_hive,
          uniq_josephine, uniq_erica
D:11:     layout_cave_pods, dreamdust_mushroom_princess, uniq_psyche
Temple:   eino_temple_lava

Skill      XL: |  1  2  3  4  5  6  7  8  9 10 11 |
---------------+----------------------------------+-----
Short Blades   | 3 4 5 7 8 |  8.8
Dodging        | 2 3 4 5 6 7 |  7.3
Stealth        | 6 7 8 9 10 12 13 | 13.6
Fighting       | 3 4 5 6 7 |  7.3
Throwing       | 3 4 5 6 7 |  7.1
Armour         | 1 2 3 4 |  4.6
Evocations     | 1 2 3 4 6 |  6.7

Action                   |  1- 3 |  4- 6 |  7- 9 | 10-12 || total
-------------------------+-------+-------+-------+-------++-------
Melee: Dagger            |   145 |    67 |   134 |   303 ||   649
       Punch             |     5 |       |     4 |     5 ||    14
Throw: Dart              |     5 |       |       |       ||     5
       Boomerang         |       |       |       |    40 ||    40
Invok: Lunge             |       |     4 |    17 |    28 ||    49
       Whirlwind         |       |       |       |     9 ||     9
 Abil: Wall Jump         |       |       |       |    18 ||    18
Evoke: Wand              |       |       |       |     7 ||     7
  Use: Scroll            |       |    13 |     6 |     9 ||    28
       Potion            |       |       |     1 |     2 ||     3
 Stab: Sleeping          |    14 |    28 |    20 |    21 ||    83
       Distracted        |       |       |       |     2 ||     2
       Paralysed         |       |       |       |     1 ||     1
       Invisible         |       |       |       |     3 ||     3
Armor: Robe              |     7 |     6 |    27 |    50 ||    90
Dodge: Dodged            |    41 |    23 |    52 |   168 ||   284
